 Dungeon Crawl Stone Soup version 0.27-a0-1140-g099f9bb0e8 (webtiles) character file.

Game seed: 9730170367278367593

56 DasRunzen the Slasher (level 3, -4/28 HPs)
             Began as a Demonspawn Gladiator on May 10, 2021.
             Was a Follower of Makhleb.
             Succumbed to a water moccasin's poison
             ... on level 3 of the Dungeon.
             The game lasted 00:03:07 (2396 turns).

DasRunzen the Slasher (Demonspawn Gladiator)        Turns: 2396, Time: 00:03:08

Health: -4/28      AC:  4    Str: 14    XL:     3   Next: 69%
Magic:  4/4        EV: 12    Int: 10    God:    Makhleb [*.....]
Gold:   95         SH:  0    Dex: 14    Spells: 2/2 levels left

rFire    . . .     SeeInvis .   a - +0 long sword
rCold    + . .     Faith    .   (no shield)
rNeg     . . .     Spirit   .   b - +0 leather armour
rPois    .         Reflect  .   c - +0 helmet
rElec    .         Harm     .   (no cloak)
rCorr    .         Rampage  .   (no gloves)
Will     .....                  (no boots)
Stlth    +.........             (no amulet)
HPRegen  0.09/turn              g - ring of protection from cold
MPRegen  0.09/turn              (no ring)

@: lethally poisoned (-4 -> -34)
A: powered by pain 1
a: Renounce Religion


You were on level 3 of the Dungeon.
You worshipped Makhleb.
Makhleb was aware of your devotion.
You visited 1 branch of the dungeon, and saw 3 of its levels.

You collected 95 gold pieces.

Inventory:

Hand Weapons
 a - a +0 long sword (weapon)
Missiles
 d - 3 throwing nets (quivered)
Armour
 b - a +0 leather armour (worn)
 c - a +0 helmet (worn)
Jewellery
 e - a ring of fire
 f - a ring of flight
 g - a ring of protection from cold (left hand)
 i - a +6 ring of intelligence
Potions
 l - 2 potions of flight


   Skills:
 + Level 2.6 Fighting
 + Level 3.1 Long Blades
 - Level 1.7 Throwing
 + Level 1.1 Armour
 + Level 3.1 Dodging
 + Level 1.4 Invocations


You had 2 spell levels left.
You didn't know any spells.
Your spell library was empty.

Dungeon Overview and Level Annotations

Branches:
Dungeon (3/15)

Altars:
Makhleb

Shops:
D:2 [


Innate Abilities, Weirdness & Mutations

You sometimes gain a little power by taking damage.


Message History

It is a scroll of amnesia.
You feel forgetful for a moment.
As you read the scroll labelled GEWNUTRUNO, it crumbles to dust.
It is a scroll of identify.
l - 2 potions of flight
As you read the scroll labelled CILINAILUI, it crumbles to dust.
You assume a fearsome visage.
Nothing appears to happen.
It was a scroll of fear.
As you read the scroll labelled NOTUHA CUZ RUB, it crumbles to dust.
You feel strangely unstable.
It was a scroll of teleportation.
Unknown command.
(D) Dungeon
Where to? (Enter - D:2, ? - help)
Your surroundings suddenly seem different.
(D) Dungeon
Where to? (Enter - D:3, ? - help)
There is a stone staircase leading down here.
You climb downwards.
There is a stone staircase leading up here.
You open the door.
A water moccasin comes into view.
There is an open door here.
The water moccasin hisses angrily.
The water moccasin closely misses you. x2; You riposte.
You barely miss the water moccasin. You barely miss the water moccasin.
The water moccasin bites you.
You are poisoned.
The water moccasin poisons you!
The water moccasin bites you but does no damage.
You barely miss the water moccasin.
You feel very sick. The water moccasin closely misses you.
You barely miss the water moccasin.
You feel very sick. The water moccasin bites you. The water moccasin bites you!
* * * LOW HITPOINT WARNING * * *
You are more poisoned.
The water moccasin poisons you!
You barely miss the water moccasin.
You die...

######## ........
##########....###.
#........'........
##.#######@...##.
#.# #S...# #.#####
#....# #....<#
###### #######


You could see a water moccasin.

Vanquished Creatures
  2 adders (D:2)
  A worm (D:2)
  3 dart slugs
  A bat (D:1)
  4 endoplasms
  A giant cockroach (D:1)
  2 hobgoblins (D:2)
  5 jackals
  A quokka (D:2)
  3 ball pythons
  2 frilled lizards (D:2)
  A goblin (D:1)
  A kobold (D:2)
  A rat (D:1)
28 creatures vanquished.

Notes
Turn   | Place    | Note
-------+----------+-------------------------------------------
     0 | D:1      | DasRunzen the Demonspawn Gladiator began the quest for the
                  | Orb.
     0 | D:1      | Reached XP level 1. HP: 16/16 MP: 1/1
   105 | D:1      | Found a faded altar of an unknown god.
   168 | D:1      | Gained mutation: You sometimes gain a little power by
                  | taking damage. [demonic ancestry]
   168 | D:1      | Reached XP level 2. HP: 17/22 MP: 2/2
   180 | D:1      | Became a worshipper of Makhleb the Destroyer
   180 | D:1      | Reached * piety under Makhleb
   959 | D:2      | Found Yrilun's Armour Boutique.
  1538 | D:2      | Reached skill level 1 in Invocations
  1538 | D:2      | Reached XP level 3. HP: 28/28 MP: 3/3
  1582 | D:2      | Reached skill level 1 in Armour
  2391 | D:3      | Noticed a water moccasin
  2396 | D:3      | Succumbed to a water moccasin's poison

Illustrated notes

Levels and vault maps discovered:
D:1:      lightli_arrival_quake, layout_basic, ebering_ecumenical_altar_ruins
D:2:      layout_loops_ring, serial_shops, nicolae_shop_window_shopping
D:3:      layout_basic, jmf_multi_god_temple, minmay_tree_intersection,
          minmay_misc_feat_secret_circle, uniq_sigmund, uniq_terence,
          uniq_grinder

Skill      XL: |  1  2  3 |
---------------+----------+-----
Long Blades    | 3 |  3.1
Dodging        | 3 |  3.1
Invocations    | 1 |  1.4
Armour         | 1 |  1.1
Fighting       | |  2.6
Throwing       | |  1.7

Action                   || total
-------------------------++-------
Melee: Long sword        ||    90
  Use: Scroll            ||     4
 Stab: Distracted        ||     1
Armor: Leather armour    ||    19
Dodge: Dodged            ||    60
       Rpst.: Long sword ||    21

Table legend: (Time is in decaauts)
 A = Elapsed time spent in this place.
 B = Non-inter-level travel time spent in this place.
 C = Inter-level travel time spent in this place.
 D = Time resting spent in this place.
 E = Time spent auto-exploring this place.
 F = Levels seen in this place.
 G = Mean time per level.
                   A        B        C        D        E       F      G
               +--------+--------+--------+--------+--------+-----+--------+
         Total |   2418 |   2388 |     30 |    490 |   1595 |   3 |  806.0 |
       Dungeon |   2418 |   2388 |     30 |    490 |   1595 |   3 |  806.0 |
               +--------+--------+--------+--------+--------+-----+--------+

Top non-repeatable levels by time:
     D:2: 1321 daAuts
     D:1: 1075 daAuts
     D:3: 21 daAuts
